 Dungeon Crawl Stone Soup version 0.28.0-53-g5a82cb258f (webtiles) character file.

Game seed: 6607416882284138817

89198 Icepheonix32 the Tortoise (level 15, -63/106 HPs)
             Began as a Demonspawn Ice Elementalist on June 3, 2022.
             Was the Champion of Okawaru.
             Annihilated by a titanic slime creature (74 damage)
             ... on level 13 of the Dungeon on June 4, 2022.
             The game lasted 01:47:46 (29745 turns).

Icepheonix32 the Tortoise (DsIE)                   Turns: 29745, Time: 01:47:47

Health: -63/106    AC: 52    Str: 24    XL:     15   Next: 48%
Magic:  0/24       EV: 19    Int: 29    God:    Okawaru [******]
Gold:   785        SH:  0    Dex: 19    Spells: 15/26 levels left

rFire   + . .      SeeInvis +   a - +7 trident "Icepheonix32's Regret" {protect, rF+ Str+7 Dex+2}
rCold   x . .      Faith    .   (no shield)
rNeg    . . .      Spirit   +   r - +10 plate armour of Okawaru's Generosity {Regen+ Int+7}
rPois   +          Reflect  .   n - +2 hat "Zekhulug" {rElec rC- Int+4}
rElec   +          Harm     .   U - +2 cloak
rCorr   +          Rampage  +   u - +1 pair of gloves
Will    +....                   F - +2 pair of boots "Osevux" {Rampage SInv}
Stlth   ..........              Z - amulet of Brawling {Spirit rElec rCorr}
HPRegen 1.07/turn               k - +4 ring of protection
MPRegen 0.19/turn               i - +6 ring of strength

@: heroic, under a protective aura, freezing walls, repel missiles
A: claws 2, repulsion field 3, (demonic guardian 1), spiny 2, poison resistance
a: Renounce Religion, Heroism, Finesse, Duel


You were on level 13 of the Dungeon.
You worshipped Okawaru.
Okawaru was exalted by your worship.
You visited 3 branches of the dungeon, and saw 21 of its levels.
You also visited: Ossuary, Gauntlet and Volcano.

You collected 2162 gold pieces.
You spent 1377 gold pieces at shops.

Inventory:

Hand Weapons
 a - the +7 trident "Icepheonix32's Regret" (weapon) {protect, rF+ Str+7 Dex+2}
   (You found it on level 7 of the Dungeon)

   It grants its wielder temporary protection when it strikes (+7 to AC).
   Str:       It affects your strength (+7).
   Dex:       It affects your dexterity (+2).
   rF:        It protects you from fire.
 D - a +6 spear of venom
 M - a +4 scimitar of flaming
 V - the +8 trident of the Octopus King {venom, rElec rPois}
   (You found it on level 9 of the Dungeon)

   It poisons the flesh of those it strikes.
   rElec:     It insulates you from electricity.
   rPois:     It protects you from poison.
Missiles
 g - 19 boomerangs
 t - 5 throwing nets
 w - 2 silver boomerangs
 W - 2 curare-tipped darts
Armour
 h - the +3 helmet of Forking Paths {-Cast Harm rF+++}
   (Okawaru gifted it to you on level 12 of the Dungeon)

   rF:        It renders you almost immune to fire.
   -Cast:     It prevents spellcasting.
   Harm:      It increases damage dealt and taken.
 n - the +2 hat "Zekhulug" (worn) {rElec rC- Int+4}
   (Okawaru gifted it to you in a Gauntlet)

   Int:       It affects your intelligence (+4).
   rC:        It makes you vulnerable to cold.
   rElec:     It insulates you from electricity.
 r - the +10 plate armour of Okawaru's Generosity (worn) {Regen+ Int+7}
   (You acquired it on level 11 of the Dungeon)

   Int:       It affects your intelligence (+7).
   Regen:     It increases your rate of health regeneration.
 u - a +1 pair of gloves (worn)
 F - the +2 pair of boots "Osevux" (worn) {Rampage SInv}
   (Okawaru gifted it to you on level 2 of the Orcish Mines)

   SInv:      It lets you see invisible.
   Rampage:   It bestows one free step when moving towards enemies.
 L - a +0 buckler of reflection
 O - a +2 pair of boots of flying
 Q - a +2 robe of the Archmagi
 U - a +2 cloak (worn)
Jewellery
 b - a ring of magical power
 e - the ring "Iruletec" {Wiz rN++ Will- rCorr Dex-4}
   (You found it in a Gauntlet)

   [ring of wizardry]

   It improves your spell success rate.
   Dex:       It affects your dexterity (-4).
   rN:        It greatly protects you from negative energy.
   rCorr:     It protects you from acid and corrosion.
   Will:      It decreases your willpower.
 i - a +6 ring of strength (right hand)
 k - a +4 ring of protection (left hand)
 o - a ring of resist corrosion
 G - a ring of protection from fire
 H - the amulet "Cagrug" {Reflect rF+ Int+3 Dex+4 SH+5}
   (You found it on level 8 of the Dungeon)

   [amulet of reflection]

   It reflects blocked missile attacks.
   Int:       It affects your intelligence (+3).
   Dex:       It affects your dexterity (+4).
   rF:        It protects you from fire.
   SH:        It affects your SH (+5).
 Z - the amulet of Brawling (around neck) {Spirit rElec rCorr}
   (You acquired it in an ossuary)

   [amulet of guardian spirit]

   It causes incoming damage to be divided between your reserves of health and
   magic.
   rElec:     It insulates you from electricity.
   rCorr:     It protects you from acid and corrosion.
Wands
 f - a wand of flame (42)
 m - a wand of polymorph (6)
 q - a wand of iceblast (7)
 y - a wand of acid (14)
 z - a wand of paralysis (15)
 B - a wand of digging (2)
 Y - a wand of mindburst (5)
Scrolls
 l - 2 scrolls of magic mapping
 p - 6 scrolls of fear
 A - a scroll of torment
 C - a scroll of amnesia
 J - 2 scrolls of fog
 K - a scroll of teleportation
 N - 2 scrolls of blinking
 S - 2 scrolls of identify
 X - 3 scrolls of enchant weapon
Potions
 c - 3 potions of mutation
 j - 3 potions of invisibility
 s - 5 potions of attraction
 v - 7 potions of curing
 E - 4 potions of brilliance
 I - 6 potions of heal wounds
 P - a potion of cancellation
 R - a potion of magic
 T - a potion of lignification
Miscellaneous
 d - a tin of tremorstones (2/2)
 x - a lightning rod (4/4)


   Skills:
 - Level 6.4(11.4) Fighting
 - Level 5.4(10.4) Long Blades
 - Level 11.1(16.1) Polearms
 * Level 15.1(20.1) Armour
 - Level 8.3(13.3) Dodging
 - Level 3.1(8.1) Stealth
 - Level 6.2 Spellcasting
 - Level 10.0 Ice Magic
 - Level 12.2 Invocations


You had 15 spell levels left.
You knew the following spells:

 Your Spells              Type           Power      Damage    Failure   Level
a - Freeze                Ice            100%       1d11      1%          1
b - Ozocubu's Armour      Ice            61%        N/A       1%          3
c - Frozen Ramparts       Ice            100%       1d12      1%          3
d - Hailstorm             Conj/Ice       38%        3d9       36%         4

Your spell library contained the following spells:

 Spells                   Type           Power      Damage    Failure   Level
 Apportation              Tloc           18%        N/A       30%         1
 Beastly Appendage        Tmut           18%        N/A       30%         1
 Foxfire                  Conj/Fire      36%        2x1d5     30%         1
 Sandblast                Erth           18%        2d7       30%         1
 Sting                    Tmut/Pois      36%        1d4       30%         1
 Passwall                 Tmut/Erth      7%         N/A       43%         2
 Poisonous Vapours        Pois/Air       18%        N/A       43%         2
 Wereblood                Tmut           9%         N/A       43%         2
 Conjure Flame            Conj/Fire      9%         6-21      67%         3
 Inner Flame              Hex/Fire       9%         N/A       67%         3
 Spider Form              Tmut/Pois      9%         N/A       67%         3
 Stone Arrow              Conj/Erth      18%        3d8       67%         3
 Anguish                  Hex/Necr       4%         N/A       97%         4
 Flame Wave               Conj/Fire      9%         2d5       97%         4
 Olgreb's Toxic Radiance  Pois           9%         N/A       97%         4
 Alistair's Intoxication  Tmut/Pois      6%         N/A       100%        5
 Borgnjor's Vile Clutch   Necr/Erth      4%         N/A       100%        5
 Conjure Ball Lightning   Conj/Air       4%         3x3d6     100%        6
 Enfeeble                 Hex            4%         N/A       100%        7
 Ignition                 Fire           4%         3d4       100%        8
 Tukima's Dance           Hex            Unusable   N/A       N/A         3
 Animate Dead             Necr           Unusable   N/A       N/A         4
 Death Channel            Necr           Unusable   N/A       N/A         6

Dungeon Overview and Level Annotations

Branches:
Dungeon (13/15)            Temple (0/1) D:7            Lair (6/6) D:11
  Swamp (0/4) Lair:4       Spider (0/4) Lair:2        Slime (0/5) Lair:6
    Orc (2/2) D:11            Elf (0/3) Orc:2       Ossuary (visited)
Volcano (visited)         Gauntlet (visited)
 Vaults: D:13-14

Altars:
Ashenzari
Dithmenos
Fedhas
Gozag
Hepliaklqana
Kikubaaqudgha
Makhleb
Okawaru
Sif Muna
Uskayaw
Vehumet
Beogh

Shops:
Orc:2 (****

Annotations:
Lair:3 exclusion: oklob plant
Lair:6 1 runed translucent door, exclusion: 2 oklob plants


Innate Abilities, Weirdness & Mutations

You have very sharp fingernails.
You are surrounded by a strong repulsion field. (EV +4, RMsl)
((A weak demonic guardian rushes to your aid.))
You are mostly covered in sharp spines.
Your system is resistant to poisons. (rPois)


Message History

The wall freezes the slime creature!
Two slime creatures merge to form an enormous slime creature.
The wall freezes the slime creature.
Two slime creatures merge to form a titanic slime creature.
Casting: Frozen Ramparts (mildly dangerous; 2% risk of failure)
Confirm with . or Enter, or press ? or * to list all spells.
Okay, then.
Unknown command.
You hit the titanic slime creature.
The titanic slime creature is heavily wounded.
Unknown command.
You gain the combat prowess of a mighty hero.
The wall freezes the titanic slime creature!
The titanic slime creature hits you but does no damage.
Unknown command.
You impale the titanic slime creature!!
The titanic slime creature is severely wounded.
You impale the titanic slime creature!!
The titanic slime creature is severely wounded.
The wall freezes the titanic slime creature.
The titanic slime creature is struck by your spines.
The titanic slime creature hits you!!
* * * LOW HITPOINT WARNING * * *
Unknown command.
You hit the titanic slime creature.
The titanic slime creature is severely wounded.
The wall freezes the titanic slime creature!
The titanic slime creature closely misses you.
Unknown command.
You puncture the titanic slime creature!
The titanic slime creature is almost dead.
Unknown command.
You puncture the titanic slime creature!
You punch the titanic slime creature!
The titanic slime creature is almost dead.
The wall freezes the titanic slime creature!
The titanic slime creature is struck by your spines.
The titanic slime creature hits you!!!!
Ouch! That really hurt!
You die...

###+####### #....#
######.#### #..........
#####+##### ###..........
#.........# ##....†.......
#.......<.#####..#..........
#.........#.....##..........
#.........#@######..........
#.....?J..#J# #..........
#.........'.# #..........
#.........### ###########
#.........# #.........#
###########


You could see a titanic slime creature.

Vanquished Creatures
  A frost giant (D:12)
  An orc warlord (Arena)
  A stone giant (Volcano)
  The ghost of aChris07 the Earth Mage, a journeyman GrEE of Dithmenos (Lair:6)
  A minotaur (Gauntlet)
  Snorg (Arena)
  3 boulder beetles
  12 hydras
  A ghost crab (Gauntlet)
  A catoblepas (Gauntlet)
  A centaur warrior (D:10)
  A two-headed ogre (D:12)
  A tengu warrior (D:12)
  Erica (D:11)
  3 orc high priests (Orc:2)
  4 skeletal warriors (D:13)
  2 bog bodies (Lair:4)
  6 lindwurms
  6 orc knights
  3 deep elf pyromancers
  A wolf spider (Lair:2)
  4 manticores
  3 orc sorcerers (Orc:2)
  2 cyclopes (D:12)
  5 elephants (Lair:6)
  4 ugly things (D:12)
  A black mamba (Lair:6)
  7 torpor snails
  2 molten gargoyles (Volcano)
  2 gargoyles
  11 cane toads
  4 unseen horrors
  5 rime drakes
  Maggie (D:6)
  2 kobold demonologists (D:11)
  An efreet (Volcano)
  10 komodo dragons
  10 trolls
  3 meliai (Lair:4)
  A merfolk (D:10)
  7 hornets (Lair:6)
  A polar bear (Lair:6)
  A queen bee (Lair:4)
  4 tyrant leeches (Lair:6)
  14 slime creatures
  6 dream sheep (Lair:5)
  A culicivora (Lair:2)
  2 shadows
  2 jumping spiders (Lair:2)
  2 centaur simulacra (D:12)
  3 vampires
  A spriggan (D:10)
  4 wraiths
  52 yaks
  3 fire elementals (Volcano)
  2 fire bats (Volcano)
  5 basilisks
  5 wyverns
  A human (D:10)
  17 vampire mosquitoes
  A steam dragon (D:8)
  3 wargs
  3 acid dragons
  14 water moccasins
  3 swamp worms (Lair:4)
  2 black bears
  2 ice beasts (D:7)
  31 orc warriors
  5 centaurs
  9 ogres
  17 wolves
  A phantom (D:6)
  8 kobold brigands (D:11)
  13 bullfrogs
  An earth elemental (Volcano)
  2 gnoll sergeants
  15 scorpions
  Blork the orc (D:6)
  2 water moccasin skeletons
  The ghost of issech the Skirmisher, a weakling MiMo (D:3)
  40 killer bees
  2 electric eels
  10 wights
  2 howler monkeys (D:9)
  4 lava snakes (Volcano)
  9 centaur zombies
  A bullfrog zombie (D:6)
  3 quasits (D:3)
  A hound (D:6)
  A jelly (Gauntlet)
  4 human zombies (Ossuary)
  22 orc priests
  2 centaur skeletons
  7 iguanas
  Terence (D:3)
  24 orc wizards
  4 scorpion zombies (Ossuary)
  Natasha (thrice) (D:3)
  A hound skeleton (D:4)
  3 mummies (Ossuary)
  2 howler monkey zombies
  Robin (D:2)
  A howler monkey skeleton (D:6)
  5 adders
  14 gnolls
  An ufetubus (D:4)
  2 worms
  A dart slug (D:3)
  75 orcs
  5 ball pythons
  An endoplasm (D:4)
  3 giant cockroaches
  2 gnoll zombies (Ossuary)
  9 hobgoblins
  7 jackals
  11 kobolds
  3 quokkas
  4 bats
  A frilled lizard (D:2)
  14 goblins
  2 goblin zombies (Ossuary)
  A hobgoblin zombie (Ossuary)
  3 kobold zombies (Ossuary)
  3 orc zombies (Ossuary)
  3 rats
715 creatures vanquished.

Vanquished Creatures (others)
  A two-headed ogre (D:10)
  63 fungi
  92 plants
156 creatures vanquished.

Grand Total: 871 creatures vanquished

Notes
Turn   | Place    | Note
-------+----------+-------------------------------------------
     0 | D:1      | Icepheonix32 the Demonspawn Ice Elementalist began the
                  | quest for the Orb.
     0 | D:1      | Reached XP level 1. HP: 13/13 MP: 3/3
   318 | D:1      | Gained mutation: You are surrounded by a mild repulsion
                  | field. (EV +2) [demonic ancestry]
   318 | D:1      | Reached XP level 2. HP: 19/19 MP: 5/5
   942 | D:2      | Found a hide-covered altar of Uskayaw.
   996 | D:2      | Gained mutation: You are surrounded by a moderate repulsion
                  | field. (EV +3) [demonic ancestry]
   996 | D:2      | Reached XP level 3. HP: 21/24 MP: 6/6
  1530 | D:2      | Noticed Robin
  1536 | D:1      | Reached skill level 5 in Ice Magic
  1666 | D:2      | Reached XP level 4. HP: 27/30 MP: 7/7
  1668 | D:2      | Gained mutation: Your system is resistant to poisons.
                  | (rPois) [potion of mutation]
  1671 | D:2      | Killed Robin
  2017 | D:2      | Learned a level 3 spell: Ozocubu's Armour
  2021 | D:2      | Learned a level 3 spell: Frozen Ramparts
  2172 | D:3      | Noticed issech's ghost (weakling MiMo)
  2188 | D:3      | Found a transporter.
  2208 | D:3      | Found a transporter.
  2215 | D:3      | Noticed Terence
  2225 | D:3      | Killed Terence
  2349 | D:3      | Noticed Natasha
  2354 | D:3      | Killed Natasha
  2355 | D:3      | Gained mutation: You have sharp fingernails. [demonic
                  | ancestry]
  2355 | D:3      | Reached XP level 5. HP: 27/35 MP: 8/8
  2555 | D:3      | Noticed Natasha
  2560 | D:3      | Killed Natasha
  3214 | D:4      | Found an iron altar of Okawaru.
  3246 | D:4      | Became a worshipper of Warmaster Okawaru
  3344 | D:4      | Noticed an ogre
  3351 | D:4      | Killed an ogre
  3352 | D:4      | Reached skill level 1 in Long Blades
  3352 | D:4      | Reached skill level 1 in Invocations
  3352 | D:4      | Gained mutation: You are partially covered in sharp spines.
                  | [demonic ancestry]
  3352 | D:4      | Reached XP level 6. HP: 19/42 MP: 9/9
  3637 | D:4      | Found a broken altar of Ashenzari.
  4206 | D:5      | Entered Level 5 of the Dungeon
  4271 | D:5      | Reached skill level 1 in Fighting
  4340 | D:5      | Reached * piety under Okawaru
  4344 | D:5      | Gained mutation: A weak demonic guardian rushes to your
                  | aid. [demonic ancestry]
  4344 | D:5      | Reached XP level 7. HP: 36/48 MP: 10/10
  4499 | D:5      | Found an opulent altar of Gozag.
  4693 | D:5      | Found a shimmering blue altar of Sif Muna.
  5019 | D:6      | Reached ** piety under Okawaru
  5188 | D:6      | Reached XP level 8. HP: 44/55 MP: 11/11
  5453 | D:6      | Noticed a komodo dragon
  5460 | D:6      | Killed a komodo dragon
  5566 | D:6      | Reached *** piety under Okawaru
  5717 | D:6      | Reached skill level 5 in Invocations
  5865 | D:6      | Noticed Blork the orc
  5900 | D:6      | Killed Blork the orc
  5926 | D:6      | Reached skill level 5 in Long Blades
  6510 | D:6      | Noticed Maggie
  6520 | D:6      | Killed Maggie
  6521 | D:6      | Reached skill level 5 in Dodging
  6521 | D:6      | Reached XP level 9. HP: 54/62 MP: 13/13
  6714 | D:7      | Found a staircase to the Ecumenical Temple.
  6755 | D:7      | Identified the +7 trident "Icepheonix32's Regret" {protect,
                  | rF+ Str+7 Dex+2}
  6843 | D:7      | Found a sand-covered staircase.
  6848 | Ossuary  | Entered an ossuary
  6927 | Ossuary  | Reached **** piety under Okawaru
  6928 | Ossuary  | Reached skill level 1 in Polearms
  7251 | Ossuary  | Identified a scroll of acquirement
  8115 | D:8      | Reached ***** piety under Okawaru
  8117 | D:8      | Reached skill level 5 in Polearms
  8117 | D:8      | Reached skill level 1 in Armour
  8117 | D:8      | Reached XP level 10. HP: 70/70 MP: 8/15
  8172 | D:8      | Noticed a deep elf pyromancer
  8180 | D:8      | Killed a deep elf pyromancer
  8426 | D:8      | Received a gift from Okawaru
  8767 | D:8      | Noticed a lindwurm
  8767 | D:8      | Noticed a lindwurm
  8767 | D:8      | Noticed a lindwurm
  8767 | D:8      | Noticed a lindwurm
  9379 | D:9      | Found the +8 trident of the Octopus King {venom, rElec
                  | rPois}
  9527 | D:10     | Entered Level 10 of the Dungeon
  9599 | D:10     | Reached skill level 2 in Armour
  9663 | D:10     | Found a burning altar of Makhleb.
  9667 | D:10     | Found a shadowy altar of Dithmenos.
  9672 | D:10     | Found an ancient bone altar of Kikubaaqudgha.
  9755 | D:10     | Killed a two-headed ogre
  9851 | D:10     | Noticed a centaur warrior
  9863 | D:10     | Killed a centaur warrior
 10254 | D:9      | Reached skill level 3 in Armour
 10418 | D:9      | Reached XP level 11. HP: 50/77 MP: 15/17
 10850 | D:9      | Learned a level 4 spell: Hailstorm
 11537 | D:10     | Found a hazy altar of Hepliaklqana.
 11653 | D:11     | Reached skill level 4 in Armour
 11948 | D:11     | Noticed Erica
 11959 | D:11     | Killed Erica
 12186 | D:11     | Reached ****** piety under Okawaru
 12209 | D:11     | Noticed a soul eater
 12209 | D:11     | Received a gift from Okawaru
 12280 | D:11     | Found a staircase to the Lair.
 12351 | D:11     | Found a staircase to the Orcish Mines.
 12863 | Orc:1    | Entered Level 1 of the Orcish Mines
 12866 | D:11     | Acquired the amulet of Brawling {Spirit rElec rCorr}
 12904 | Orc:1    | Reached skill level 5 in Armour
 13174 | Orc:1    | Noticed an orc warlord
 13187 | Arena    | Entered the Arena
 13202 | Arena    | Killed an orc warlord
 13203 | Arena    | Gained mutation: You have very sharp fingernails. [demonic
                  | ancestry]
 13203 | Arena    | Reached XP level 12. HP: 34/85 MP: 3/19
 13777 | Orc:1    | Reached skill level 10 in Invocations
 14104 | Orc:1    | Reached skill level 5 in Fighting
 14413 | Orc:2    | Entered Level 2 of the Orcish Mines
 14413 | Orc:2    | Found a staircase to the Elven Halls.
 14528 | Orc:2    | Found a radiant altar of Vehumet.
 15243 | Orc:2    | Identified the +2 pair of boots "Osevux" {Rampage SInv}
                  | (Okawaru gifted it to you on level 2 of the Orcish Mines)
 15243 | Orc:2    | Received a gift from Okawaru
 15506 | Orc:2    | Noticed an orc high priest
 15522 | Orc:2    | Killed an orc high priest
 15523 | Orc:2    | Reached skill level 6 in Armour
 15537 | Orc:2    | Noticed an orc high priest
 15544 | Orc:2    | Noticed an orc high priest
 15547 | Orc:2    | Killed an orc high priest
 15552 | Orc:2    | Found Somij's General Store.
 15972 | Orc:2    | Reached skill level 10 in Polearms
 16701 | Orc:2    | Killed an orc high priest
 16785 | Orc:2    | Found Pacliepy's Assorted Antiques.
 16785 | Orc:2    | Found Myriedeucs's Assorted Antiques.
 16788 | Orc:2    | Found Faarchuo's General Store.
 16788 | Orc:2    | Found Bonu's Antique Weapon Emporium.
 16794 | Orc:2    | Bought a sedimented inky potion for 29 gold pieces
 16794 | Orc:2    | Bought a scroll labelled ILIPSAECIGG for 33 gold pieces
 16799 | Orc:2    | Bought a scroll labelled RITOALI DYNI for 26 gold pieces
 16799 | Orc:2    | Bought a scroll of identify for 52 gold pieces
 17124 | Lair:1   | Entered Level 1 of the Lair of Beasts
 17143 | Lair:1   | Noticed a seven-headed hydra
 17156 | Lair:1   | Killed a seven-headed hydra
 17223 | Lair:1   | Found a gate leading to a gauntlet.
 17234 | Gauntlet | Entered a Gauntlet
 17234 | Gauntlet | Found a transporter.
 17234 | Gauntlet | Found a transporter.
 17239 | Gauntlet | Noticed a catoblepas
 17242 | Gauntlet | Found a transporter.
 17246 | Gauntlet | Found a transporter.
 17257 | Gauntlet | Found a transporter.
 17258 | Gauntlet | Found a transporter.
 17260 | Gauntlet | Noticed a ghost crab
 17267 | Gauntlet | Found a transporter.
 17281 | Gauntlet | Found a runed translucent door.
 17282 | Gauntlet | Found a transporter.
 17282 | Gauntlet | Noticed a green death
 17283 | Gauntlet | Found a runed translucent door.
 17296 | Gauntlet | Found a transporter.
 17300 | Gauntlet | Found a transporter.
 17308 | Gauntlet | Found a transporter.
 17312 | Gauntlet | Found a transporter.
 17524 | Gauntlet | Killed a catoblepas
 17643 | Gauntlet | Killed a ghost crab
 17643 | Gauntlet | Identified the +2 hat "Zekhulug" {rElec rC- Int+4} (Okawaru
                  | gifted it to you in a Gauntlet)
 17643 | Gauntlet | Received a gift from Okawaru
 17644 | Gauntlet | Reached skill level 5 in Spellcasting
 17644 | Gauntlet | Reached XP level 13. HP: 65/93 MP: 9/21
 17663 | Gauntlet | Identified the ring "Iruletec" {Wiz rN++ Will- rCorr Dex-4}
 17794 | Gauntlet | Identified the +6 morningstar of the Three Lies {pain,
                  | rElec Str+4}
 17794 | Gauntlet | Noticed a minotaur
 17822 | Gauntlet | HP: 4/93 [minotaur/the +6 morningstar of the Three Lies
                  | {pain, rElec Str+4} (5)]
 17823 | Gauntlet | Killed a minotaur
 18180 | Gauntlet | Identified the +6 quarterstaff "Qiuhibli" {vorpal, rF+
                  | Will+ Dex+2}
 18825 | Orc:2    | Bought a pair of embroidered gloves for 247 gold pieces
 18836 | Orc:2    | Bought a lightning rod (4/4) for 990 gold pieces
 19156 | Lair:2   | Found a hole to the Spider Nest.
 20698 | Lair:3   | Found a blossoming altar of Fedhas.
 21654 | Lair:4   | Reached skill level 7 in Armour
 21663 | Lair:4   | Reached skill level 10 in Ice Magic
 22263 | Lair:4   | Found a staircase to the Swamp.
 22642 | Lair:4   | Received a gift from Okawaru
 23361 | Lair:5   | Reached skill level 8 in Armour
 23365 | Lair:5   | Gained mutation: You are mostly covered in sharp spines.
                  | [demonic ancestry]
 23365 | Lair:5   | Reached XP level 14. HP: 59/101 MP: 4/23
 23877 | Lair:5   | Noticed Snorg
 23885 | Arena    | Entered the Arena
 23897 | Arena    | Killed Snorg
 24216 | Lair:5   | Reached skill level 9 in Armour
 24525 | Lair:6   | Entered Level 6 of the Lair of Beasts
 24532 | Lair:6   | Identified the +0 plate armour of the Hall of Blades {Drain
                  | Str+2 Stlth+} (Okawaru gifted it to you on level 6 of the
                  | Lair of Beasts)
 24532 | Lair:6   | Received a gift from Okawaru
 24546 | Lair:6   | Found a staircase to the Slime Pits.
 24602 | Lair:6   | Noticed aChris07's ghost (journeyman GrEE)
 24606 | Lair:6   | Found a runed translucent door.
 24760 | Lair:6   | Found a runed translucent door.
 24804 | Lair:6   | Reached skill level 10 in Armour
 25073 | Lair:6   | Reached skill level 11 in Armour
 25299 | Lair:6   | Found a dark tunnel.
 25302 | Volcano  | Entered a volcano
 25303 | Volcano  | Acquired the +10 plate armour of Okawaru's Generosity
                  | {Regen+ Int+7}
 25750 | Volcano  | Found a bloodstained altar of Trog.
 25838 | Volcano  | Noticed a stone giant
 25849 | Volcano  | Killed a stone giant
 25969 | Lair:6   | Reached skill level 12 in Armour
 26609 | Lair:6   | Killed aChris07's ghost
 27264 | D:3      | Noticed Natasha
 27266 | D:3      | Killed Natasha
 27298 | D:3      | Killed issech's ghost
 27486 | D:8      | Received a gift from Okawaru
 27494 | D:8      | Identified the amulet "Cagrug" {Reflect rF+ Int+3 Dex+4
                  | SH+5}
 27512 | D:8      | Got the Grimoire of the Harmful Arsonist
 27835 | D:12     | Reached skill level 13 in Armour
 28068 | D:12     | Gained mutation: You are surrounded by a strong repulsion
                  | field. (EV +4, RMsl) [demonic ancestry]
 28068 | D:12     | Reached XP level 15. HP: 106/106 MP: 24/24
 28146 | D:12     | Noticed a frost giant
 28649 | D:12     | Identified the +3 helmet of Forking Paths {-Cast Harm
                  | rF+++} (Okawaru gifted it to you on level 12 of the
                  | Dungeon)
 28649 | D:12     | Received a gift from Okawaru
 28650 | D:12     | Reached skill level 14 in Armour
 29111 | D:12     | Killed a frost giant
 29459 | D:13     | Identified the ring "Imiph" {rPois Will+ Str+2}
 29513 | D:13     | Reached skill level 15 in Armour
 29745 | D:13     | Annihilated by a titanic slime creature

Illustrated notes

Levels and vault maps discovered:
D:1:      heliophobic_arrival_dark_side_of_the_moon, layout_basic,
          minmay_tromino_i2
D:2:      minmay_spotlight, layout_rooms, basic_altar, minmay_misc_feat_rows,
          uniq_robin
D:3:      layout_basic, gammafunk_ghost_stat_death, uniq_terence, uniq_natasha
D:4:      layout_loops_ring, nicolae_ashenzari_skybound, okawaru_gym_becter,
          dk_noncrumbling_4, serial_park_tiny_2
D:5:      layout_cave_pools, nicolae_gozag_seed_capital,
          mainiacjoe_overflow_brackets
D:6:      layout_loops_corners, uniq_maggie, uniq_blork_the_orc
D:7:      layout_gridville, minmay_temple_entry_arrows, enter_ossuary_5
D:8:      layout_loops_corners, nicolae_wwwww, minmay_lindwurm_lava
D:9:      layout_irregular_city
D:10:     layout_roguey, lemuel_coloured_pillars_altar,
          grunt_temple_overflow_diamond, minmay_misc_feat_roman,
          hangedman_stone_soup
D:11:     layout_loops_ring, due_lair_maze_entry_diamond,
          minmay_orc_entry_temple_small, uniq_erica
D:12:     nzn_winding_woodlands_stair_cross [nzn_winding_woodlands_5x15_default,
          nzn_winding_woodlands_center_triple_pond,
          nzn_winding_woodlands_5x15_pathside_ponds,
          nzn_winding_woodlands_5x5_perimeter,
          nzn_winding_woodlands_5x5_checkerboard,
          nzn_winding_woodlands_5x15_river_crossing,
          nzn_winding_woodlands_center_garden,
          nzn_winding_woodlands_5x15_concentric], layout_basic,
          grunt_ministairs_1
D:13:     layout_roguey
Lair:1:   layout_hall_layers, gauntlet_entry_generic
Lair:2:   layout_regular_city, spider_nest_entry_funnel_web
Lair:3:   layout_chaotic_city, st_stairs_4, tgw_fedhas
Lair:4:   layout_roguey [special_room_bee], nicolae_swamp_entry_splash_gauntlet
Lair:5:   layout_layer_cave, uniq_snorg
Lair:6:   wormcave, layout_big_grid, minmay_slime_entry_oklob_open,
          nicolae_volcano_entry_vermiform, hellmonk_ghost_happy_afterlife,
          nicolae_quartered_pool_little
Orc:1:    layout_caves
Orc:2:    grunt_orc_tribal_feast, layout_diamond_mine, basic_altar,
          serial_shops, shop

Skill      XL: |  1  2  3  4  5  6  7  8  9 10 11 12 13 14 15 |
---------------+----------------------------------------------+-----
Ice Magic      | 4 5 6 7 8 9 10 | 10.0
Dodging        | 2 3 5 6 7 8 |  8.3
Long Blades    | 1 2 3 5 |  5.4
Invocations    | 1 2 3 5 7 8 9 11 12 | 12.2
Fighting       | 1 2 3 4 5 6 |  6.4
Polearms       | 5 7 8 10 11 | 11.1
Armour         | 1 3 5 6 8 13 15 | 15.1
Spellcasting   | 3 5 6 |  6.2
Stealth        | 2 3 |  3.1

Action                   |  1- 3 |  4- 6 |  7- 9 | 10-12 | 13-15 || total
-------------------------+-------+-------+-------+-------+-------++-------
Melee: Unarmed           |     5 |       |       |       |       ||     5
       Dagger            |    12 |       |       |       |       ||    12
       Club              |     1 |       |       |       |       ||     1
       Whip              |       |    11 |       |       |       ||    11
       Falchion          |       |    93 |   123 |       |       ||   216
       Punch             |       |     2 |     8 |    12 |    25 ||    47
       Trident           |       |       |   160 |   729 |  1102 ||  1991
Throw: Boomerang         |       |     5 |     5 |     7 |    10 ||    27
       Dart              |       |     1 |     1 |       |     1 ||     3
 Cast: Freeze            |    48 |     9 |       |       |     1 ||    58
       Frozen Ramparts   |       |     9 |    16 |    41 |    59 ||   125
       Ozocubu's Armour  |       |     8 |    23 |    40 |    41 ||   112
       Hailstorm         |       |       |       |     1 |     2 ||     3
Invok: Heroism           |       |       |     3 |     5 |     7 ||    15
       Duel              |       |       |       |     1 |     1 ||     2
Evoke: Wand              |       |       |       |     3 |     9 ||    12
  Use: Potion            |       |     1 |       |     4 |     7 ||    12
       Scroll            |       |     6 |     9 |     9 |    15 ||    39
 Stab: Sleeping          |     1 |     4 |     6 |       |     7 ||    18
       Distracted        |       |       |       |       |     2 ||     2
Armor: Robe              |    18 |       |       |    25 |   230 ||   273
       Animal skin       |       |    32 |    73 |       |       ||   105
       Scale mail        |       |       |    17 |   235 |       ||   252
       Plate armour      |       |       |       |       |   250 ||   250
Dodge: Dodged            |    54 |    87 |   222 |   449 |   788 ||  1600
       Repelled          |       |       |       |       |    11 ||    11
